 Dungeon Crawl Stone Soup version 0.32-a0-841-g4648e6c (webtiles) character file.

Game seed: 1156451144692478775

99 Dorkslayer the Ducker (level 4, 0/31 HPs)
             Began as an Octopode Fighter on Mar 26, 2024.
             Slain by a goblin
             ... wielding a +0 dagger
             ... led by Robin
              (6 damage)
             ... on level 2 of the Dungeon.
             The game lasted 00:02:12 (1120 turns).

Dorkslayer the Ducker (Octopode Fighter)            Turns: 1120, Time: 00:02:13

Health: 0/31       AC:  1    Str: 17    XL:     4   Next: 72%
Magic:  4/4        EV: 12    Int: 10    God:
Gold:   52         SH:  4    Dex: 11    Spells: 3/3 levels left

rFire   . . .        a - +0 war axe
rCold   . . .        b - +0 buckler
rNeg    . . .        j - +0 hat
rPois   .            (no amulet)
rElec   .            (no ring)
rCorr   .            (no ring)
SInv    .            (no ring)
Will    .....        (no ring)
Stlth   ++++         (no ring)
HPRegen 0.25/turn    (no ring)
MPRegen 0.09/turn    (no ring)
                     (no ring)

%: no passive effects
@: no status effects
A: almost no armour, amphibious, 8 rings, camouflage 1, gelatinous body 1,
nimble swimmer 1, tentacles
a: no special abilities


You were on level 2 of the Dungeon.
You visited 1 branch of the dungeon, and saw 2 of its levels.

You collected 52 gold pieces.

Inventory:

Hand Weapons
 a - a +0 war axe (weapon)
Armour
 b - a +0 buckler (worn)
 j - a +0 hat (worn)
Jewellery
 f - an amulet of faith
Scrolls
 i - a scroll of immolation {unknown}
 k - a scroll of identify
Potions
 c - a potion of might
 d - a potion of curing
 e - a potion of haste
 g - a potion of brilliance {unknown}
 h - a potion of lignification {unknown}


   Skills:
 + Level 3.5 Fighting
 + Level 3.0 Axes
 + Level 3.5 Dodging
 + Level 2.3 Stealth
 + Level 3.4 Shields


You had 3 spell levels left.
You didn't know any spells.
Your spell library was empty.

Dungeon Overview and Level Annotations

Branches:
Dungeon (2/15)

Altars:

Shops:
D:2 =

Annotations:
D:2 Robin, Terence


Innate Abilities, Weirdness & Mutations

You cannot wear most types of armour.
You are amphibious.
You can wear up to eight rings at the same time.
Your skin changes colour to match your surroundings (Stealth+).
Your rubbery body absorbs attacks. (AC +1, EV +1)
You are camouflaged when in or above water. (Stealth+)
You have tentacles for arms and can constrict up to eight enemies at once.


Message History

The goblin shoots a sling bullet.
The sling bullet closely misses you. The adder bites you.
A goblin comes into view. It is wielding a +0 dagger.
Robin throws the goblin at you! The adder barely misses you.
The goblin unwields a +0 sling.
The goblin wields a +0 dagger.
The goblin barely misses you.
A goblin comes into view. It is wielding a +0 club.
You closely miss the adder. You grab the adder. Your squeeze misses the adder.
You hit the goblin. You constrict the adder! The adder bites you.
The goblin splashes around in the water.
The adder closely misses you.
Unknown command.
You closely miss the goblin. You grab the goblin.
Your squeeze misses the goblin.
The goblin is heavily wounded.
You hit the adder but do no damage. You constrict the adder!
You kill the adder!
You constrict the goblin.
You kill the goblin!
You hear a splash. x2
Robin roars a battlecry!
The goblins go into a battle-frenzy!
Your Axes skill increases to level 3!
You hit the goblin. Your grab misses the goblin.
The goblin is moderately wounded.
The goblin hits you with a +0 club.
You hit the goblin. You grab the goblin. You squeeze the goblin.
You kill the goblin!
You hear a splash.
Robin throws the goblin at you! The goblin closely misses you.
Robin throws the goblin at you!
Unknown command.
You completely miss Terence. You grab Terence. You barely miss the goblin.
You closely miss the goblin. You constrict Terence.
The goblin closely misses you. The goblin barely misses you.
Terence hits you with a +0 hand axe.
Robin hits you from afar with a +5 heavy spear!
* * * LOW HITPOINT WARNING * * *
You block the goblin's attack. The goblin hits you with a +0 dagger.
You die...

#~.~~~≈≈~~~~~
##.~~≈≈≈≈~≈≈~..
#...~~≈≈~≈≈≈~..#
##..~≈~≈~[♣≈≈~~~#
...~.~~≈♣_~~≈≈.~#
#.≈~≈~..~≈≈≈..#
#..~@~g~~≈≈~~.#
#..g≈@≈≈~≈≈~.~#
#~~~)≈g~≈≈~≈..#.
#~......~.~~~~..
#..~.~~~......# [
#...###....#####
.>..###...†###
....###.##.#######
###.......†......#
#####..##..####.###


You could see Terence, Robin and 2 goblins.

Vanquished Creatures
  Natasha (twice) (D:2)
  2 adders (D:2)
  A dart slug (D:1)
  An endoplasm (D:1)
  5 goblins
  3 hobgoblins (D:1)
  6 jackals
  2 kobolds
  A quokka (D:2)
  2 ball pythons (D:2)
  2 bats
  A frilled lizard (D:1)
28 creatures vanquished.

Notes
Turn   | Place    | Note
-------+----------+-------------------------------------------
     0 | D:1      | Dorkslayer the Octopode Fighter began the quest for the
                  | Orb.
     0 | D:1      | Reached XP level 1. HP: 16/16 MP: 1/1
   286 | D:1      | Reached XP level 2. HP: 21/21 MP: 2/2
   938 | D:2      | Reached skill level 1 in Stealth
   938 | D:2      | Reached XP level 3. HP: 10/26 MP: 3/3
  1018 | D:2      | Found Oraur's Jewellery Boutique.
  1050 | D:2      | Noticed Natasha
  1053 | D:2      | Killed Natasha
  1078 | D:2      | Reached XP level 4. HP: 29/31 MP: 4/4
  1084 | D:2      | Noticed Natasha
  1104 | D:2      | Killed Natasha
  1106 | D:2      | Found a faded altar of an unknown god.
  1113 | D:2      | Noticed Robin
  1114 | D:2      | Noticed Terence
  1120 | D:2      | Slain by a goblin

Illustrated notes

Levels and vault maps discovered:
D:1:      erik_arrival_orb_chamber, layout_basic
D:2:      layout_rooms, chequers_ecumenical_altar_island, serial_shops, shop,
          shop, uniq_terence, uniq_natasha, uniq_robin

Skill      XL: |  1  2  3  4 |
---------------+-------------+-----
Stealth        | 1 2 |  2.3
Axes           | 3 |  3.0
Fighting       | |  3.5
Dodging        | |  3.5
Shields        | |  3.4

Action                     |  1- 3 |  4- 6 || total
---------------------------+-------+-------++-------
  Melee: War axe           |    29 |    12 ||    41
         Tentacles         |     6 |     2 ||     8
         Constrict         |     9 |     8 ||    17
    Use: Scroll            |     3 |       ||     3
   Stab: Sleeping          |     5 |       ||     5
 Armour: Skin              |    16 |    11 ||    27
  Dodge: Dodged            |    22 |    10 ||    32
  Block: Buckler           |     8 |     1 ||     9

Table legend: (Time is in decaauts)
 A = Elapsed time spent in this place.
 B = Non-inter-level travel time spent in this place.
 C = Inter-level travel time spent in this place.
 D = Time resting spent in this place.
 E = Time spent auto-exploring this place.
 F = Levels seen in this place.
 G = Mean time per level.
                   A        B        C        D        E       F      G
               +--------+--------+--------+--------+--------+-----+--------+
         Total |   1136 |   1136 |      0 |      0 |    702 |   2 |  568.0 |
       Dungeon |   1136 |   1136 |      0 |      0 |    702 |   2 |  568.0 |
               +--------+--------+--------+--------+--------+-----+--------+

Top non-repeatable levels by time:
     D:1: 882 daAuts
     D:2: 254 daAuts
